 Dungeon Crawl Stone Soup version 0.18-a0-1542-g9c1a92e (webtiles) character file.

100 Oddball22 the Stinger (level 4, 0/30 HPs)
             Began as a Demonspawn Venom Mage on Mar 10, 2016.
             Slain by a hippogriff (2 damage)
             ... on level 3 of the Dungeon.
             The game lasted 00:07:09 (2415 turns).

Oddball22 the Stinger (Demonspawn Venom Mage)       Turns: 2415, Time: 00:07:09

Health: 0/30       AC:  3    Str:  8    XL:     4   Next: 46%
Magic:  9/16       EV: 12    Int: 17    God:
Gold:   76         SH:  0    Dex: 14    Spells: 3 memorised, 1 level left

rFire  . . .     SeeInvis .     j - +3 short sword
rCold  . . .     Gourm    .     a - +1 robe
rNeg   . . .     Faith    .     (no shield)
rPois  .         Spirit   .     (no helmet)
rElec  .         Dismiss  .     (no cloak)
rCorr  .         Reflect  .     (no gloves)
SustAt .         Harm     .     (no boots)
MR     .....                    (no amulet)
Stlth  +++.......               (no ring)
                                m - ring of magical power

@: very slightly contaminated, not resistant to hostile enchantments, fairly
stealthy
A: nightstalker 1
a: no special abilities


You were on level 3 of the Dungeon.
You were hungry.

You visited 1 branch of the dungeon, and saw 3 of its levels.

You collected 76 gold pieces.

Inventory:

Hand Weapons
 j - a +3 short sword (weapon)
Missiles
 e - 3 javelins (quivered)
Armour
 a - a +1 robe (worn)
Jewellery
 m - a ring of magical power (left hand)
Scrolls
 d - 2 scrolls of fear
 g - 2 scrolls of random uselessness {unknown}
 l - a scroll of enchant weapon {unknown}
 n - 2 scrolls of immolation {unknown}
 r - 2 scrolls of identify {unknown}
 s - a scroll of noise {unknown}
Potions
 f - a potion of berserk rage {unknown}
 h - a potion of cancellation {unknown}
 k - a potion of curing {unknown}
 o - a potion of magic {unknown}
 p - a potion of degeneration {unknown}
 t - 2 potions of heal wounds {unknown}
 u - a potion of haste {unknown}
Books
 b - a Young Poisoner's Handbook

   Spells                             Type                      Level
   a - Sting                          Conjuration/Poison           1
   b - Cure Poison                    Poison                       2
   c - Mephitic Cloud                 Conjuration/Poison/Air       3
   d - Olgreb's Toxic Radiance        Poison                       4
   e - Venom Bolt                     Conjuration/Poison           5
Comestibles
 c - 2 bread rations
 i - 4 meat rations


   Skills:
 - Level 1.7 Dodging
 - Level 1.7 Stealth
 - Level 2.0 Spellcasting
 + Level 6.0 Poison Magic


You had one spell level left.
You knew the following spells:

 Your Spells              Type           Power        Failure   Level  Hunger
a - Sting                 Conj/Pois      ##..         6%          1    #......
b - Cure Poison           Pois           ###.......   2%          2    ###....
c - Mephitic Cloud        Conj/Pois/Air  #.......     24%         3    ###....


Dungeon Overview and Level Annotations

Branches:
Dungeon (3/15)

Altars:


Innate Abilities, Weirdness & Mutations

You are slightly more attuned to the shadows.


Message History

Aiming: Sting
Press: ? - help, Shift-Dir - straight line, f/p - hippogriff
Aim: a hippogriff (severely wounded, poisoned)
The sting hits the hippogriff.
The hippogriff is severely wounded.
The hippogriff closely misses you. The hippogriff pecks you.
* * * LOW HITPOINT WARNING * * *
The hippogriff claws you.
* * * LOW HITPOINT WARNING * * *
Casting: Sting
Confirm with . or Enter, or press ? or * to list all spells.
Aiming: Sting
Press: ? - help, Shift-Dir - straight line, f/p - hippogriff
Aim: a hippogriff (almost dead, poisoned)
The sting hits the hippogriff.
The hippogriff is almost dead.
The hippogriff bites you.
* * * LOW HITPOINT WARNING * * *
The hippogriff pecks you.
You die...

. #.##.# #.. .. #.##.# #.# #.##..
.. #.##.# #.# #.##.# #.###.##.#
#.# #.##.# ..#........# #.#
#.##.# .........### #.# #.##.#
########.# #.# ######
#.##.############.######.#
.....###.##.##.H@..........<....#
...............#########.########
###########.#............#
#.##.########### #.##.# #.##.#
#.##.# .....#


You could see a hippogriff.

Vanquished Creatures
  5 adders (D:2)
  An ooze (D:1)
  3 dart slugs
  2 giant geckos (D:1)
  3 giant cockroaches
  4 hobgoblins
  3 kobolds (D:1)
  6 bats
  7 giant newts (D:1)
  7 goblins
  4 rats
45 creatures vanquished.

Notes
Turn   | Place    | Note
--------------------------------------------------------------
     0 | D:1      | Oddball22 the Demonspawn Venom Mage began the quest for the Orb.
     0 | D:1      | Reached XP level 1. HP: 13/13 MP: 3/3
   453 | D:1      | Gained mutation: You are slightly more attuned to the shadows. [demonic ancestry]
   453 | D:1      | Reached XP level 2. HP: 19/19 MP: 1/5
   993 | D:1      | Reached skill level 5 in Poison Magic
   993 | D:1      | Reached XP level 3. HP: 12/24 MP: 0/6
  1362 | D:2      | Learned a level 2 spell: Cure Poison
  1366 | D:2      | Learned a level 3 spell: Mephitic Cloud
  1560 | D:2      | Reached XP level 4. HP: 25/30 MP: 7/7
  2312 | D:3      | Reached skill level 6 in Poison Magic
  2391 | D:3      | Noticed a hippogriff
  2415 | D:3      | Slain by a hippogriff

Vault maps used:
D:1:      wheals_arrival_shading, st_stairs_7, minmay_lizard_king
D:2:      minivault_4
D:3:      minmay_door_path

Skill      XL: |  1  2  3  4 |
---------------+-------------+-----
Poison Magic   | 5 6 |  6.0
Dodging        | |  1.7
Stealth        | |  1.7
Spellcasting   | |  2.0

Action                   |  1- 3 |  4- 6 || total
-------------------------+-------+-------++-------
Melee: Unarmed           |    36 |       ||    36
       Short sword       |    37 |    23 ||    60
 Cast: Sting             |    39 |    17 ||    56
  Use: Scroll            |     4 |       ||     4
 Stab: Sleeping          |     3 |     2 ||     5
  Eat: Chunk             |     3 |     2 ||     5
